 Dungeon Crawl Stone Soup version 0.30.1-4-g462c640d31 (webtiles) character file.

Game seed: 12012831127242328761

52884 Gabide the Fighter (level 14, -29/115 HPs)
             Began as a Mummy Reaver on Sept 2, 2023.
             Was a High Priest of Cheibriados.
             Annihilated by a very large slime creature (40 damage)
             ... on level 12 of the Dungeon.
             The game lasted 01:10:26 (22564 turns).

Gabide the Fighter (Mummy Reaver)                  Turns: 22564, Time: 01:10:27

Health: -29/115    AC: 16    Str: 38    XL:     14   Next: 28%
Magic:  14/23      EV: 16    Int: 24    God:    Cheibriados [*****.]
Gold:   1374       SH:  7    Dex: 23    Spells: 16/25 levels left

rFire   x . .        b - +6 flail (freeze)
rCold   + + .        k - +0 buckler
rNeg    + + +        e - +0 steam dragon scales
rPois   ∞            j - +2 helmet
rElec   .            m - scarf {+Inv}
rCorr   .            n - +2 pair of gloves
SInv    .            v - +2 pair of boots
Will    +....        o - amulet of regeneration
Stlth   ++           a - +6 ring of strength
HPRegen 1.19/turn    q - ring of protection from cold
MPRegen 0.18/turn

%: faith
@: about to teleport, very slow
A: cold resistance 1, negative energy resistance 3, torment resistance 2, heat
vulnerability 1, in touch with death 2, no potions, faith
a: Renounce Religion, Evoke Invisibility, Bend Time, Temporal Distortion,
Slouch, Step From Time


You were on level 12 of the Dungeon.
You worshipped Cheibriados.
Cheibriados was extremely pleased with you.
You visited 3 branches of the dungeon, and saw 18 of its levels.

You collected 1374 gold pieces.

Inventory:

Hand Weapons
 b - a +6 flail of freezing (weapon)
 c - a +2 heavy flail
Missiles
 g - a throwing net (quivered)
 i - 111 poisoned darts
 u - 8 curare-tipped darts
 B - 6 boomerangs
 E - 5 javelins
Armour
 e - +0 steam dragon scales (worn)
 j - a +2 helmet (worn)
 k - a +0 buckler (worn)
 l - the +2 chain mail of Circular Logic {rN+ Int+5}
   (You found it on level 5 of the Lair of Beasts)

   Int:       It affects your intelligence (+5).
   rN:        It protects you from negative energy.
 m - a scarf of invisibility (worn)
 n - a +2 pair of gloves (worn)
 v - a +2 pair of boots (worn)
 z - a +0 troll leather armour
Jewellery
 a - a +6 ring of strength (left hand)
 o - an amulet of regeneration (around neck)
 q - a ring of protection from cold (right hand)
 r - a ring of resist corrosion
Wands
 p - a wand of flame (62)
 t - a wand of digging (7)
 x - a wand of mindburst (9)
 y - a wand of polymorph (4)
 A - a wand of roots (8)
 D - a wand of paralysis (3)
Scrolls
 f - a scroll of brand weapon
 h - 5 scrolls of magic mapping
 s - 7 scrolls of amnesia
 w - 2 scrolls of silence
 C - 7 scrolls of identify


   Skills:
 - Level 12.0 Fighting
 - Level 9.0(11.2) Axes
 - Level 10.6(12.0) Maces & Flails
 - Level 6.0 Armour
 - Level 6.0 Dodging
 - Level 6.0 Shields
 + Level 6.1 Spellcasting
 - Level 3.0 Conjurations
 + Level 6.1 Necromancy
 + Level 6.1 Invocations


You had 16 spell levels left.
You knew the following spells:

 Your Spells              Type           Power      Damage    Failure   Level
a - Kiss of Death         Conj/Necr      100%       2d13      1%          1
b - Momentum Strike       Conj/Tloc      28%        3d8       7%          2
c - Cigotuvi's Dreadful   Necr/Pois/Air  76%        N/A       6%          2
d - Dispel Undead         Necr           70%        3d24      7%          4

Your spell library contained the following spells:

 Spells                   Type           Power      Damage    Failure   Level
 Hailstorm                Conj/Ice       14%        3d5       14%         3
 Confusing Touch          Hex            7%         N/A       26%         3
 Petrify                  Tmut/Erth      7%         N/A       65%         4
 Death Channel            Necr           35%        N/A       73%         6
 Metabolic Englaciation   Hex/Ice        3%         N/A       94%         5
 Summon Forest            Summ/Tloc      3%         N/A       94%         5
 Summon Mana Viper        Hex/Summ       7%         N/A       94%         5
 Summon Cactus Giant      Summ           3%         N/A       100%        6
 Statue Form              Tmut/Erth      Unusable   N/A       N/A         6

Dungeon Overview and Level Annotations

Branches:
Dungeon (12/15)            Temple (1/1) D:5            Lair (5/5) D:10
 Shoals (0/4) Lair:2        Snake (0/4) Lair:2        Slime (0/5) Lair:5
    Orc (0/2) D:10

Altars:
Ashenzari
Cheibriados
Dithmenos
Fedhas
Gozag
Hepliaklqana
Kikubaaqudgha
Makhleb
Nemelex Xobeh
Okawaru
Qazlal
Ru
Sif Muna
Trog
Uskayaw
Vehumet
Wu Jian
Xom
Yredelemnul

Portals:
Abyss: D:6

Annotations:
D:6 2 transporters, laros's ghost, novice MiBe
D:9 3 runed translucent doors, jaiteiro's ghost, novice NaEE


Innate Abilities, Weirdness & Mutations

You are immune to poison.
Your flesh is cold resistant. (rC+)
You are immune to negative energy. (rN+++)
You are immune to unholy pain and torment.
You are vulnerable to heat. (rF-)
You are strongly in touch with the powers of death.
You do not drink.
You have a special connection with the divine. (Faith)


Message History

You bludgeon the enormous slime creature!!
You freeze the enormous slime creature!
The enormous slime creature is almost dead.
The slime creature hits you but does no damage.
The slime creature hits you. The slime creature hits you!
Unknown command.
Okay, then.
Unknown command.
Okay, then.
Unknown command.
Unknown command.
Press: ? - help, v - describe, . - travel
Here: a slime creature (moderately wounded, slow)
The floor.
Unknown command.
The slime creature attacks as you move away!
The slime creature barely misses you.
Two slime creatures merge to form a very large slime creature.
Two slime creatures merge to form a titanic slime creature.
Press: ? - help, v - describe, . - travel
Here: a titanic slime creature (severely wounded, slow)
The floor.
Unknown command.
Unknown command.
Okay, then.
Unknown command.
Unknown command.
Okay, then.
Unknown command.
Aiming: Paralyse
Press: ? - help, Shift-Dir - straight line, f - titanic slime creature
Aim: a titanic slime creature (severely wounded, slow, chance to affect: 31%)
The titanic slime creature suddenly stops moving!
The very large slime creature hits you!!!
* * * LOW HITPOINT WARNING * * *
The slime creature hits you but does no damage. x2
As you read the scroll of teleportation, it crumbles to dust.
You feel strangely unstable.
The very large slime creature hits you!!!
You die...

#######...................
..........................
.........#.#......#.....#.
.........#.#..#..##.....#.
.......#.#...#.........##.
...........##..........##.
..###)....###.............
........JJ.............##.
........J@.............# .
........J..............#
............|..........#
......[......)..........#
............###.........#
............# #.........#
...........## #..........#
....#......# #.########..
####..<##.# .#


You could see a titanic slime creature (paralysed), a very large slime creature
(slow) and 2 slime creatures.

Vanquished Creatures
  Rupert (Lair:4)
  Fannar (D:12)
  3 hydras
  A boulder beetle (Lair:3)
  A two-headed ogre (D:9)
  A catoblepas (Lair:5)
  6 death yaks
  Urug (Lair:3)
  A skyshark (Lair:2)
  Pikel (D:7)
  A guardian serpent (Lair:2)
  A manticore (Lair:3)
  3 black mambas
  2 merfolk sirens (Lair:2)
  8 elephants
  Maurice (D:12)
  8 cane toads
  A gargoyle (D:12)
  5 kobold demonologists
  5 rime drakes
  An unseen horror (D:10)
  7 komodo dragons
  4 polar bears (Lair:5)
  2 merfolk (Lair:2)
  3 trolls
  25 blink frogs
  4 hornets (Lair:5)
  4 dream sheep (Lair:5)
  A culicivora (Lair:5)
  4 shadows (D:10)
  A slime creature (D:12)
  12 spriggans (Lair:5)
  A wraith (D:11)
  34 yaks
  3 steam dragons
  9 wyverns
  Menkaure (D:7)
  3 acid dragons
  15 water moccasins
  4 orc warriors
  An ice beast (D:8)
  3 sky beasts
  6 black bears
  31 wolves
  2 ogres (D:6)
  3 boggarts (Lair:5)
  4 centaurs
  A lemure (D:7)
  21 kobold brigands
  11 bullfrogs
  3 gnoll sergeants
  2 scorpions
  5 wights (D:7)
  2 troll zombies (D:10)
  10 killer bees (D:9)
  2 electric eels (Lair:3)
  A howler monkey (D:3)
  A lava snake (D:11)
  2 hounds
  5 jellies
  7 orc priests
  3 sleepcaps
  A gnoll bouda (D:6)
  Terence (D:3)
  7 iguanas
  10 orc wizards
  6 ogre zombies (D:10)
  A mummy (D:7)
  Robin (D:4)
  16 gnolls
  6 adders
  A shadow imp (D:6)
  2 white imps
  3 ufetubi
  3 worms
  5 dart slugs
  36 orcs
  7 ball pythons
  6 endoplasms
  7 giant cockroaches
  15 goblins
  10 hobgoblins
  5 jackals
  20 kobolds
  A quokka (D:2)
  5 bats
  5 frilled lizards
  A goblin skeleton (D:10)
  4 goblin zombies (D:10)
  5 hobgoblin zombies (D:10)
  2 orc skeletons (D:10)
  13 orc zombies (D:10)
  2 rats
523 creatures vanquished.

Vanquished Creatures (others)
  A boulder beetle (D:12)
  A kobold (D:11)
2 creatures vanquished.

Grand Total: 525 creatures vanquished

Notes
Turn   | Place    | Note
-------+----------+-------------------------------------------
     0 | D:1      | Gabide the Mummy Reaver began the quest for the Orb.
     0 | D:1      | Reached XP level 1. HP: 16/16 MP: 4/4
   214 | D:1      | Reached XP level 2. HP: 18/22 MP: 5/5
   978 | D:1      | Gained mutation: You are in touch with the powers of death.
                  | [Mummy growth]
   978 | D:1      | Reached XP level 3. HP: 25/28 MP: 7/7
  1792 | D:3      | Noticed Terence
  1808 | D:3      | Killed Terence
  1809 | D:3      | Reached XP level 4. HP: 15/26 MP: 6/8
  1977 | D:3      | Reached skill level 3 in Fighting
  2517 | D:3      | Reached XP level 5. HP: 21/40 MP: 9/9
  2601 | D:3      | Reached skill level 1 in Armour
  2920 | D:4      | Noticed Robin
  2942 | D:4      | Killed Robin
  2969 | D:4      | Reached XP level 6. HP: 39/47 MP: 10/10
  3467 | D:4      | Found an ancient bone altar of Kikubaaqudgha.
  3772 | D:5      | Entered Level 5 of the Dungeon
  3782 | D:5      | Reached skill level 1 in Necromancy
  3988 | D:5      | Found a staircase to the Ecumenical Temple.
  4019 | Temple   | Entered the Ecumenical Temple
  4187 | D:5      | Found a shimmering altar of Xom.
  4443 | D:5      | Reached XP level 7. HP: 52/52 MP: 11/11
  4901 | D:6      | Reached skill level 4 in Fighting
  5092 | D:6      | Found a transporter.
  5094 | D:6      | Found a one-way gate to the infinite horrors of the Abyss.
  5094 | D:6      | Noticed laros's ghost (novice MiBe)
  5098 | D:6      | Found a transporter.
  5191 | D:6      | Reached skill level 5 in Fighting
  5191 | D:6      | Reached XP level 8. HP: 52/57 MP: 10/12
  5465 | D:6      | Noticed a two-headed ogre
  5543 | D:6      | Reached skill level 5 in Axes
  6164 | D:7      | Noticed Pikel
  6175 | D:7      | Reached skill level 6 in Fighting
  6181 | D:7      | Killed Pikel
  6435 | D:7      | Reached XP level 9. HP: 21/63 MP: 11/13
  6638 | D:7      | Found a snail-covered altar of Cheibriados.
  6698 | D:7      | Became a worshipper of Cheibriados the Contemplative
  6718 | D:7      | Reached skill level 7 in Fighting
  6886 | D:7      | Noticed Menkaure
  6891 | D:7      | Killed Menkaure
  7261 | D:7      | Reached * piety under Cheibriados
  7570 | D:7      | Reached skill level 8 in Fighting
  7908 | D:8      | Reached skill level 9 in Fighting
  8072 | D:8      | Reached ** piety under Cheibriados
  8137 | D:8      | Reached XP level 10. HP: 59/83 MP: 14/14
  9011 | D:9      | Reached skill level 1 in Shields
  9328 | D:9      | Reached *** piety under Cheibriados
  9466 | D:9      | Reached skill level 1 in Maces & Flails
  9535 | D:9      | Reached **** piety under Cheibriados
  9615 | D:9      | Noticed a two-headed ogre
  9631 | D:9      | Killed a two-headed ogre
  9632 | D:9      | Reached skill level 5 in Maces & Flails
  9736 | D:9      | Found a runed translucent gate.
  9736 | D:9      | Noticed a spectral centaur warrior
  9737 | D:9      | Found a runed translucent gate.
  9737 | D:9      | Found a runed translucent gate.
 10235 | D:9      | Noticed a spectral centaur warrior
 10235 | D:9      | Noticed a spectral centaur warrior
 10235 | D:9      | Noticed jaiteiro's ghost (novice NaEE)
 10250 | D:10     | Entered Level 10 of the Dungeon
 10455 | D:10     | Found a staircase to the Lair.
 10459 | D:10     | Reached XP level 11. HP: 87/89 MP: 15/15
 10841 | D:10     | Reached skill level 1 in Invocations
 11207 | D:10     | Reached ***** piety under Cheibriados
 11288 | D:10     | Found a staircase to the Orcish Mines.
 11988 | D:10     | Learned a level 2 spell: Momentum Strike
 11991 | D:10     | Learned a level 2 spell: Cigotuvi's Dreadful Rot
 11992 | Lair:1   | Entered Level 1 of the Lair of Beasts
 12059 | Lair:1   | Reached skill level 5 in Invocations
 12670 | Lair:1   | Reached skill level 5 in Spellcasting
 13376 | Lair:2   | Noticed a skyshark
 13387 | Lair:2   | Killed a skyshark
 13388 | Lair:2   | Reached skill level 5 in Necromancy
 13393 | Lair:2   | Reached ****** piety under Cheibriados
 13529 | Lair:2   | Found a staircase to the Snake Pit.
 13560 | Lair:2   | Found a sparkling altar of Nemelex Xobeh.
 13704 | Lair:2   | Reached XP level 12. HP: 67/84 MP: 21/21
 13891 | Lair:2   | Found a staircase to the Shoals.
 14370 | Lair:2   | HP: 2/96 [merfolk/+0 trident (5)]
 14636 | Lair:2   | Learned a level 4 spell: Dispel Undead
 15218 | Lair:3   | Noticed Urug
 15232 | Lair:3   | Killed Urug
 15233 | Lair:3   | Reached skill level 10 in Fighting
 15683 | Lair:3   | Noticed an eight-headed hydra
 15697 | Lair:3   | Killed an eight-headed hydra
 15864 | Lair:3   | Noticed a boulder beetle
 15937 | Lair:3   | Killed a boulder beetle
 16139 | Lair:3   | Reached skill level 11 in Fighting
 16894 | Lair:4   | Noticed Rupert
 16921 | Lair:4   | Killed Rupert
 16922 | Lair:4   | Gained mutation: You are strongly in touch with the powers
                  | of death. [Mummy growth]
 16922 | Lair:4   | Reached XP level 13. HP: 45/107 MP: 12/22
 17825 | Lair:4   | Reached skill level 12 in Fighting
 18266 | Lair:5   | Entered Level 5 of the Lair of Beasts
 18281 | Lair:4   | Reached skill level 10 in Maces & Flails
 19309 | Lair:5   | Found a staircase to the Slime Pits.
 19682 | Lair:5   | Identified the +2 chain mail of Circular Logic {rN+ Int+5}
 20455 | Lair:5   | Reached skill level 5 in Armour
 20455 | Lair:5   | Reached skill level 5 in Dodging
 20460 | Lair:5   | Reached skill level 5 in Shields
 21199 | Lair:5   | Reached XP level 14. HP: 76/112 MP: 23/23
 22439 | D:12     | Noticed Maurice
 22443 | D:12     | Killed Maurice
 22444 | D:12     | Noticed Fannar
 22462 | D:12     | Killed Fannar
 22564 | D:12     | Annihilated by a very large slime creature

Illustrated notes

Levels and vault maps discovered:
D:1:      dpeg_arrival_stone_temple_mockup, layout_basic, st_stairs_11
D:2:      layout_rooms, basic_altar
D:3:      layout_loops_cross, uniq_terence
D:4:      layout_cave_pods, lemuel_doored_altar, minmay_misc_feat_tiny,
          uniq_robin
D:5:      layout_loops_ring, amcnicky_altar_gilded, minmay_temple_entry_slanted
D:6:      layout_gridville, gammafunk_ghost_abyssal_escape,
          lightli_corner_chamber
D:7:      layout_cave_pods, slow_altar_1, hangedman_decor_riveting,
          chequers_serial_rivers_micro_d, palyth_stone_intersect, uniq_pikel,
          uniq_menkaure
D:8:      layout_rooms, supply_closet_lemuel, chequers_serial_rivers_micro_e
D:9:      layout_roguey [special_room_kobold], gammafunk_ghost_necromancy
D:10:     layout_basic, minmay_lair_entry_grove, zombieorc2_lemuel
D:11:     layout_cave_pools, grunt_decor_junction,
          nicolae_elevator_lobby_asterisk
D:12:     layout_rooms, uniq_fannar, uniq_maurice
Temple:   hellmonk_temple_of_storms
Lair:1:   layout_regular_city, st_stairs_13, nicolae_quartered_pool_little
Lair:2:   layout_loops_ring, elwin_shoals_entry_stream,
          minmay_snake_entry_spellcaster, basic_altar,
          chequers_serial_rivers_micro_c, serial_bayou_pond_c
Lair:3:   wander_river, layout_chaotic_city, grunt_forest_stairs_basic,
          pdpol_lair_cavern_descent, uniq_urug
Lair:4:   layout_gridlike, grunt_megastairs_1, lemuel_fruit_fields,
          serial_bayou_shore_b, serial_bayou_shore_b, serial_bayou_shore_b,
          lemuel_fruit_tree, infiniplex_staircase_pool_2, uniq_rupert
Lair:5:   minmay_lair_end_enchanted_forest, layout_gridlike, slime_entry_1,
          grunt_megastairs_5, serial_bayou_shore_b

Skill      XL: |  1  2  3  4  5  6  7  8  9 10 11 12 13 14 |
---------------+-------------------------------------------+-----
Spellcasting   | 3 6 |  6.1
Dodging        | 2 3 5 6 |  6.0
Conjurations   | 3 |  3.0
Axes           | 3 4 6 8 9 |  9.0
Fighting       | 3 5 6 9 11 12 | 12.0
Armour         | 2 3 5 6 |  6.0
Necromancy     | 3 5 6 |  6.1
Shields        | 3 5 6 |  6.0
Maces & Flails | 6 9 10 | 10.6
Invocations    | 6 |  6.1

Action                     |  1- 3 |  4- 6 |  7- 9 | 10-12 | 13-15 || total
---------------------------+-------+-------+-------+-------+-------++-------
  Melee: Dagger            |   182 |    39 |       |       |       ||   221
         Hand axe          |    15 |   173 |   291 |    30 |       ||   509
         Punch             |     2 |     1 |     3 |       |       ||     6
         Flail             |       |       |       |   691 |   553 ||  1244
  Throw: Dart              |       |       |     6 |    14 |    12 ||    32
         Throwing net      |       |       |     1 |     2 |     1 ||     4
         Boomerang         |       |       |       |     7 |    32 ||    39
         Javelin           |       |       |       |     2 |    10 ||    12
   Cast: Kiss of Death     |     3 |       |     2 |     2 |     1 ||     8
         Cigotuvi's Dreadf |       |       |       |     4 |     2 ||     6
         Momentum Strike   |       |       |       |     1 |     1 ||     2
 Invoke: Slouch            |       |       |       |     9 |     8 ||    17
         Step From Time    |       |       |       |     1 |     1 ||     2
         Bend Time         |       |       |       |       |     5 ||     5
  Evoke: Wand              |       |       |    21 |    21 |    12 ||    54
    Use: Scroll            |       |     8 |     1 |    14 |     5 ||    28
   Stab: Paralysed         |       |       |       |     9 |       ||     9
         Sleeping          |       |       |       |     3 |       ||     3
         Distracted        |       |       |       |     1 |       ||     1
         Petrified         |       |       |       |       |     3 ||     3
         Held in net/web   |       |       |       |       |     1 ||     1
 Armour: Leather armour    |    57 |       |   122 |    33 |       ||   212
         Ring mail         |     3 |    95 |    29 |       |       ||   127
         Steam dragon scal |       |       |       |   219 |   270 ||   489
  Dodge: Dodged            |   135 |   158 |   166 |   427 |   464 ||  1350
  Block: Buckler           |       |       |     2 |   188 |   211 ||   401
